 Dungeon Crawl Stone Soup version 0.19-a0-1852-gc11d922 (webtiles) character file.

438 Banto the Slasher (level 6, -6/39 HPs)
             Began as a High Elf Skald on Oct 10, 2016.
             Mangled by an iguana (13 damage)
             ... on level 4 of the Dungeon on Oct 11, 2016.
             The game lasted 00:18:14 (4969 turns).

Banto the Slasher (High Elf Skald)                  Turns: 4969, Time: 00:18:14

Health: -6/39      AC:  4    Str: 11    XL:     6   Next: 69%
Magic:  0/10       EV: 15    Int: 21    God:
Gold:   175        SH:  0    Dex: 17    Spells: 2 memorised, 6 levels left

rFire  . . .     SeeInvis .     a - +0 falchion
rCold  . . .     Gourm    .     b - +1 leather armour
rNeg   . . .     Faith    .     (no shield)
rPois  +         Spirit   .     (no helmet)
rElec  .         Dismiss  .     (no cloak)
rCorr  .         Reflect  .     (no gloves)
MR     .....     Harm     .     (no boots)
Stlth  +.........               (no amulet)
                                v - +5 ring of intelligence
                                r - ring of poison resistance

@: infused
A: no striking features
a: no special abilities


You were on level 4 of the Dungeon.
You were not hungry.

You visited 1 branch of the dungeon, and saw 4 of its levels.

You collected 175 gold pieces.

Inventory:

Hand Weapons
 a - a +0 falchion (weapon)
Armour
 b - a +1 leather armour (worn)
Jewellery
 r - a ring of poison resistance (left hand)
 v - a +5 ring of intelligence (right hand)
Wands
 o - a wand of polymorph (2/24)
 t - a wand of random effects (0/48)
Scrolls
 g - a scroll of remove curse
 h - a scroll of fog {unknown}
 s - a scroll of recharging
 u - a scroll of teleportation
Potions
 e - a potion of ambrosia {unknown}
 k - a potion of brilliance
 l - a potion of haste {unknown}
 m - a potion of lignification {unknown}
 n - 2 potions of heal wounds
 p - a potion of magic {unknown}
 q - a potion of curing {unknown}
Books
 c - a book of Battle

   Spells                             Type                      Level
   a - Infusion                       Charms                       1
   b - Shroud of Golubria             Charms/Translocation         2
   c - Song of Slaying                Charms                       2
   d - Spectral Weapon                Hexes/Charms                 3
   e - Regeneration                   Charms/Necromancy            3
Comestibles
 d - 2 bread rations
 f - 2 beef jerkies
 i - 2 slices of pizza
 j - 2 meat rations
 w - 5 chunks of flesh


   Skills:
 - Level 2.0 Fighting
 + Level 6.4 Long Blades
 - Level 0.8 Armour
 + Level 5.4 Dodging
 - Level 2.4 Spellcasting
 - Level 3.6 Charms


You had 6 spell levels left.
You knew the following spells:

 Your Spells              Type           Power        Failure   Level  Hunger
a - Infusion              Chrm           ###.         4%          1    None
b - Song of Slaying       Chrm           ###.....     10%         2    ##.....


Dungeon Overview and Level Annotations

Branches:
Dungeon (4/15)
 Temple: D:4-7

Altars:
Makhleb
Trog
Uskayaw
Xom

Annotations:
D:3 Flanowski's ghost, amateur DECj


Message History

You hit the iguana.
The iguana is heavily wounded.
The iguana barely misses you.
You now have 1/10 mp.
You hit the iguana.
The iguana is almost dead.
The iguana bites you!
* * * LOW HITPOINT WARNING * * *
You take 10 damage, and have 7/39 hp.
MASSIVE DAMAGE!!
You now have 0/10 mp.
You barely miss the iguana.
The iguana is almost dead.
The iguana closely misses you.
You riposte.
You hit the iguana.
The iguana is almost dead.
You hit the iguana but do no damage.
The iguana is almost dead.
The iguana completely misses you.
You hit the iguana.
The iguana is almost dead.
The iguana bites you!
You die...

#.#### #.##.# #....#
####.# # #.# #### #.#
#.# #.. O... #.# #.#
..?..
#.######.###.##...##.
#........!@l.........
############.###.###.
#.# #.# #.# #.# #.#
#..


You could see an iguana.

Vanquished Creatures
  An ogre (D:4)
  A hound (D:4)
  An orc priest (D:3)
  Natasha (thrice) (D:2)
  Ijyb (D:3)
  A worker ant (D:4)
  The ghost of Naow the Conjurer, a weakling DECj (D:4)
  5 adders
  3 oozes
  4 worms
  4 dart slugs (D:1)
  2 leopard geckos (D:2)
  8 orcs
  A ball python (D:3)
  5 bats
  A giant cockroach (D:2)
  7 goblins
  5 hobgoblins
  4 jackals (D:2)
  4 quokkas
  3 frilled lizards
  6 kobolds
  A quokka skeleton (D:4)
  6 rats
78 creatures vanquished.

Notes
Turn   | Place    | Note
-------+----------+-------------------------------------------
     0 | D:1      | Banto the High Elf Skald began the quest for the Orb.
     0 | D:1      | Reached XP level 1. HP: 14/14 MP: 4/4
   292 | D:1      | Reached skill level 3 in Long Blades
   292 | D:1      | Reached XP level 2. HP: 17/19 MP: 6/6
  1396 | D:2      | Found a burning altar of Makhleb.
  1411 | D:2      | Found a shimmering altar of Xom.
  1470 | D:2      | Reached XP level 3. HP: 13/24 MP: 1/7
  2143 | D:2      | Noticed Natasha
  2150 | D:2      | Killed Natasha
  2150 | D:2      | Reached skill level 4 in Long Blades
  2150 | D:2      | Reached XP level 4. HP: 10/29 MP: 2/8
  2202 | D:2      | Learned a level 2 spell: Song of Slaying
  2727 | D:2      | Noticed Natasha
  2738 | D:2      | Killed Natasha
  2757 | D:3      | Noticed Flanowski's ghost (amateur DECj)
  2789 | D:2      | Noticed Natasha
  2796 | D:2      | Killed Natasha
  2796 | D:2      | Reached XP level 5. HP: 23/34 MP: 4/9
  3579 | D:3      | Reached skill level 5 in Long Blades
  3959 | D:3      | Noticed Ijyb
  4143 | D:2      | Upgraded the game from 0.19-a0-1850-g63fd1ff to 0.19-a0-1852-gc11d922
  4231 | D:3      | Killed Ijyb
  4645 | D:3      | Found a bloodstained altar of Trog.
  4731 | D:4      | Noticed Naow's ghost (weakling DECj)
  4739 | D:4      | Reached XP level 6. HP: 34/39 MP: 6/10
  4742 | D:4      | Killed Naow's ghost
  4779 | D:4      | Found a hide-covered altar of Uskayaw.
  4926 | D:4      | Reached skill level 6 in Long Blades
  4926 | D:4      | Reached skill level 5 in Dodging
  4969 | D:4      | Mangled by an iguana

Vault maps used:
D:1:      eino_arrival_cavern_b
D:2:      grunt_temple_overflow_open, grunt_decor_cap, uniq_natasha
D:3:      old_standard_altar, corexii_leaking_fountain, uniq_iyjb
D:4:      old_standard_altar, nicolae_overflow_crystal_walls, vehumet_statue,
          first_bread

Skill      XL: |  1  2  3  4  5  6 |
---------------+-------------------+-----
Long Blades    | 3 4 5 6 |  6.4
Dodging        | 2 3 4 5 |  5.4
Fighting       | |  2.0
Armour         | |  0.8
Spellcasting   | |  2.4
Charms         | |  3.6

Action                   |  1- 3 |  4- 6 || total
-------------------------+-------+-------++-------
Melee: Falchion          |   109 |   148 ||   257
       Unarmed           |       |    35 ||    35
 Cast: Infusion          |     8 |    18 ||    26
Evoke: Wand              |       |    16 ||    16
  Use: Scroll            |     7 |     5 ||    12
 Stab: Sleeping          |     1 |       ||     1
       Confused          |       |     1 ||     1
       Distracted        |       |     1 ||     1
  Eat: Chunk             |     4 |     9 ||    13
Armor: Leather armour    |    30 |    23 ||    53
       Skin              |       |     1 ||     1
Dodge: Dodged            |    53 |   131 ||   184
       Rpst.: Falchion   |    20 |    29 ||    49

Table legend:
 A = Turns spent in this place as a percentage of turns spent in the entire game.
 B = Non-inter-level travel turns spent in this place as a percentage of non-inter-level travel turns spent in the entire game.
 C = Inter-level travel turns spent in this place as a percentage of turns spent in this place.
 D = Turns resting spent in this place as a percentage of non-inter-level travel turns spent in this place.
 E = Turns spent auto-exploring this place as a percentage of non-inter-level travel turns spent in this place.
 F = Non-inter-level travel turns spent in this place divided by the number of levels of this place that you've seen.
                   A       B       C       D       E      F
               +-------+-------+-------+-------+-------+----------------------
         Total | 100.0 | 100.0 |   0.9 |   7.9 |   9.8 | 271.8
       Dungeon | 100.0 | 100.0 |   0.9 |   7.9 |   9.8 | 271.8
               +-------+-------+-------+-------+-------+----------------------

Table legend:
 A = Kills in this place as a percentage of kills in entire the game.
 B = Kills by you in this place as a percentage of kills by you in the entire game.
 C = Kills by friends in this place as a percentage of kills by friends in the entire game.
 D = Other kills in this place as a percentage of other kills in the entire game.
 E = Experience gained in this place as a percentage of experience gained in the entire game.
 F = Experience gained in this place divided by the number of levels of this place that you have seen.
                   A       B       C       D       E      F
               +-------+-------+-------+-------+-------+----------------------
         Total | 100.0 | 100.0 |  -nan |  -nan | 100.0 | 156.5
       Dungeon | 100.0 | 100.0 |  -nan |  -nan | 100.0 | 156.5
               +-------+-------+-------+-------+-------+----------------------
